 Dungeon Crawl Stone Soup version 0.26-a0-663-g36e8fdb655 (webtiles) character file.

Game seed: 5974487047841806356

6536 Conn the Thaumaturge (level 10, 0/52 HPs)
             Began as a Deep Elf Hedge Wizard on Oct 12, 2020.
             Was a Priest of Sif Muna.
             Killed from afar by a fire dragon (12 damage)
             ... with a blast of flame
             ... on level 9 of the Dungeon.
             The game lasted 01:09:09 (15486 turns).

Conn the Thaumaturge (Deep Elf Hedge Wizard)       Turns: 15486, Time: 01:09:10

Health: 0/52       AC: 11    Str:  7    XL:     10   Next: 69%
Magic:  14/26      EV: 12    Int: 23    God:    Sif Muna [***...]
Gold:   555        SH:  0    Dex: 14    Spells: 18/29 levels left

rFire    + + .     SeeInvis .   b - staff of fire
rCold    . . .     Faith    .   (no shield)
rNeg     . . .     Spirit   .   v - +2 leather armour {MR+}
rPois    .         Reflect  .   z - +0 helmet
rElec    .         Harm     .   h - +2 cloak
rCorr    .         Rampage  .   (no gloves)
MR       ++...                  (no boots)
Stlth    +++.......             i - amulet of magic regeneration
HPRegen  0.17/turn              e - ring of protection from fire
MPRegen  0.45/turn              l - ring of flight

@: invisible
A: no striking features
a: Channel Magic, Forget Spell, Renounce Religion, Evoke Flight


You were on level 9 of the Dungeon.
You worshipped Sif Muna.
Sif Muna was most pleased with you.
You visited 2 branches of the dungeon, and saw 10 of its levels.

You collected 555 gold pieces.

Inventory:

Hand Weapons
 a - a +1 short sword of freezing
 f - a +0 dagger
Missiles
 k - 5 boomerangs of dispersal (quivered)
Armour
 c - a +0 hat
 h - a +2 cloak (worn)
 m - a +0 robe
 t - a +3 leather armour
 v - a +2 leather armour of magic resistance (worn)
 z - a +0 helmet (worn)
 C - a +0 buckler
 F - the cursed +1 chain mail of Chimes {rC- rN++ MR+ rCorr, unknown}
   (You found it on level 8 of the Dungeon)

   It makes you vulnerable to cold.
   It greatly protects you from negative energy.
   It affects your resistance to hostile enchantments.
   It provides partial protection from all sources of acid and corrosion.
   It has a curse placed upon it.
Magical Staves
 b - an uncursed staff of fire (weapon)
Jewellery
 e - a ring of protection from fire (left hand)
 i - an amulet of magic regeneration (around neck)
 l - a ring of flight (right hand)
Wands
 u - a wand of polymorph (10)
 D - a wand of random effects (7)
Scrolls
 d - 2 scrolls of teleportation
 j - 10 scrolls of identify
 r - a scroll of amnesia
 w - 4 scrolls of remove curse
 y - a scroll of magic mapping
 E - a scroll of fog
Potions
 g - 2 potions of flight
 n - 4 potions of curing
 q - a potion of lignification
 s - a potion of stabbing


   Skills:
 + Level 1.0 Fighting
 + Level 2.5 Short Blades
 - Level 9.4 Armour
 + Level 3.1 Dodging
 + Level 4.5 Stealth
 * Level 10.4 Spellcasting
 * Level 5.6 Conjurations
 + Level 2.8 Summonings
 + Level 2.2 Translocations
 * Level 5.0 Fire Magic
 + Level 3.5 Air Magic
 + Level 3.4 Poison Magic
 + Level 3.0 Invocations
 + Level 0.9 Evocations


You had 18 spell levels left.
You knew the following spells:

 Your Spells              Type           Power        Failure   Level
a - Magic Dart            Conj           ####         1%          1
b - Blink                 Tloc           N/A          4%          2
c - Call Imp              Summ           ###.....     3%          2
d - Conjure Flame         Conj/Fire      ######..     2%          3
e - Mephitic Cloud        Conj/Pois/Air  ####....     3%          3

Your spell library contained the following spells:

 Spells                   Type           Power        Failure   Level
 Dazzling Flash           Conj/Hex       ####..       7%          3
 Corona                   Hex            ##.....      8%          1
 Ensorcelled Hibernation  Hex/Ice        ##....       11%         2
 Slow                     Hex            ##......     11%         2
 Confusing Touch          Hex            ##......     22%         3
 Tukima's Dance           Hex            ##......     22%         3


Dungeon Overview and Level Annotations

Branches:
Dungeon (9/15)             Temple (1/1) D:4            Lair (0/6) D:9
    Orc: D:9-12

Altars:
Ashenzari
Cheibriados
Dithmenos
Fedhas
Gozag
Hepliaklqana
Kikubaaqudgha
Makhleb
Nemelex Xobeh
Okawaru
Qazlal
Sif Muna
Trog
Uskayaw
Vehumet
Wu Jian
Xom
Yredelemnul
Zin
The Shining One

Annotations:
D:8 exclusion: ice statue


Message History

Evoke which item? (* to show all) (? for menu, Esc to quit)
Aiming: Random Effects
Press: ? - help, Shift-Dir - straight line, f/p - fire dragon
Aim: a fire dragon (lava, heavily wounded)
The bolt of poison misses the fire dragon.
The fire dragon breathes flames at you. The blast of flame misses you.
The fire dragon breathes flames at you. The blast of flame hits you.
You resist.
* * * LOW HITPOINT WARNING * * *
You feel better.
Things that are here:
a +0 halberd; a throwing net; a +1 scale mail of magic resistance The fire dragon breathes flames at you.
The blast of flame hits you! You resist.
* * * LOW HITPOINT WARNING * * *
You fade into invisibility!
The fire dragon breathes flames at you. The blast of flame hits you!
You resist.
You die...

#############
###..§≈§§....§##
##...§§§≈§...?!$#
###......≈≈§..$$!(#
#####.........≈≈§§$$###
######.....@.)D....≈§§§§≈#
#......#####........§§≈§##
##.###### ##.......≈≈≈##
#..# ####...≈≈≈≈# # #.##
######### #(#### ## #....#
.## ####.# #.### ##.#


You could see a fire dragon (catching breath).

Vanquished Creatures
  Harold (D:9)
  A two-headed ogre (D:9)
  2 hornets (D:9)
  Prince Ribbit (D:7)
  6 yaks (D:9)
  A wraith (D:8)
  A water moccasin (D:7)
  3 orc warriors (D:7)
  2 ice beasts
  6 ogres
  2 centaurs
  A gnoll sergeant (D:7)
  5 bullfrogs
  A scorpion (D:7)
  A troll zombie (D:8)
  5 killer bees (D:7)
  A wight (D:8)
  A centaur zombie (D:7)
  5 human zombies (D:8)
  A quasit (D:8)
  3 centaur skeletons
  8 hounds
  2 human skeletons (D:8)
  3 orc priests
  2 bullfrog skeletons
  5 iguanas
  Natasha (D:2)
  4 orc wizards
  A hell rat (D:9)
  10 worker ants
  2 killer bee zombies
  A mummy (D:8)
  3 gnolls (D:7)
  A howler monkey zombie (D:7)
  A worker ant zombie (D:8)
  5 adders
  A river rat (D:9)
  2 white imps
  3 ufetubi
  4 adder zombies
  3 worms
  8 leopard geckos
  26 orcs
  5 bats
  6 giant cockroaches
  4 goblins
  5 hobgoblins
  4 jackals
  9 quokkas
  3 ball pythons
  A frilled lizard (D:2)
  8 kobolds
  A leopard gecko skeleton (D:6)
  14 rats
  A bush (D:7)
207 creatures vanquished.

Vanquished Creatures (collateral kills)
  A manticore (D:7)
  A water moccasin (D:6)
  An ogre (D:5)
  A necrophage (D:7)
  A jelly (D:6)
  A killer bee (D:7)
  A centaur zombie (D:7)
  A quasit (D:7)
  An orc priest (D:7)
  Natasha (twice) (D:2)
  A worker ant (D:5)
  4 adders
  5 orcs
  A hobgoblin (D:2)
  A jackal (D:2)
23 creatures vanquished.

Vanquished Creatures (others)
  A bush (D:9)
  8 fungi (D:9)
  6 plants
15 creatures vanquished.

Grand Total: 245 creatures vanquished

Notes
Turn   | Place    | Note
-------+----------+-------------------------------------------
     0 | D:1      | Conn the Deep Elf Hedge Wizard began the quest for the Orb.
     0 | D:1      | Reached XP level 1. HP: 10/10 MP: 7/7
   273 | D:1      | Reached XP level 2. HP: 15/15 MP: 1/9
   276 | D:1      | Reached skill level 5 in Spellcasting
   779 | D:1      | Learned a level 2 spell: Blink
   782 | D:1      | Learned a level 2 spell: Call Imp
   903 | D:2      | You fall into a shaft and drop 1 floor!
   953 | D:3      | Reached XP level 3. HP: 19/19 MP: 5/11
  1003 | D:3      | Learned a level 3 spell: Conjure Flame
  1007 | D:3      | Learned a level 3 spell: Mephitic Cloud
  1724 | D:3      | Found a broken altar of Ashenzari.
  1732 | D:3      | Reached XP level 4. HP: 24/24 MP: 13/13
  2033 | D:3      | Reached skill level 6 in Spellcasting
  2822 | D:2      | Noticed Natasha
  2845 | D:2      | Reached XP level 5. HP: 16/28 MP: 1/15
  2850 | D:2      | Killed Natasha
  2991 | D:2      | Noticed Natasha
  3012 | D:2      | Killed Natasha
  3094 | D:2      | Noticed Natasha
  3108 | D:2      | Killed Natasha
  4218 | D:4      | Found a glowing golden altar of the Shining One.
  4375 | D:4      | Found a staircase to the Ecumenical Temple.
  4386 | Temple   | Entered the Ecumenical Temple
  4422 | Temple   | Became a worshipper of Sif Muna the Loreminder
  4601 | D:4      | Reached XP level 6. HP: 32/32 MP: 9/17
  4696 | D:4      | Reached skill level 1 in Fire Magic
  4813 | D:4      | You fall into a shaft and drop 2 floors!
  5116 | D:6      | Reached skill level 1 in Air Magic
  5686 | D:6      | Reached XP level 7. HP: 36/36 MP: 0/18
  5898 | D:5      | Entered Level 5 of the Dungeon
  5909 | D:5      | Reached skill level 1 in Short Blades
  6377 | D:5      | Reached * piety under Sif Muna
  6461 | D:5      | Reached skill level 1 in Poison Magic
  6859 | D:5      | Found a glowing silver altar of Zin.
  6860 | D:5      | Noticed an angel
  6913 | D:5      | Reached skill level 1 in Invocations
  7603 | D:5      | Found a radiant altar of Vehumet.
  7606 | D:5      | Found a sparkling altar of Nemelex Xobeh.
  7608 | D:5      | Found a hide-covered altar of Uskayaw.
  8365 | D:7      | Reached XP level 8. HP: 41/41 MP: 15/20
  8380 | D:7      | Reached skill level 7 in Spellcasting
  8551 | D:7      | Reached ** piety under Sif Muna
  9899 | D:7      | Noticed Prince Ribbit
 10607 | D:7      | Reached XP level 9. HP: 45/45 MP: 16/22
 10690 | D:7      | Killed Prince Ribbit
 10742 | D:7      | Noticed a manticore
 11275 | D:7      | Killed a manticore
 11966 | D:8      | Found a shadowy altar of Dithmenos.
 11975 | D:8      | Reached skill level 8 in Spellcasting
 12226 | D:8      | Got a spiked chain mail
 13059 | D:8      | Found a shimmering altar of Xom.
 13311 | D:8      | Noticed an ice statue
 14071 | D:8      | Found a basalt altar of Yredelemnul.
 14082 | D:8      | Reached XP level 10. HP: 49/51 MP: 13/24
 14099 | D:8      | Reached *** piety under Sif Muna
 14625 | D:9      | Noticed a death yak
 14626 | D:9      | Noticed a death yak
 14626 | D:9      | Noticed a death yak
 14638 | D:9      | Reached skill level 5 in Conjurations
 14660 | D:9      | Paralysed by a hornet for 1 turns
 14667 | D:9      | Reached skill level 9 in Spellcasting
 14760 | D:9      | Found a blossoming altar of Fedhas.
 14762 | D:9      | Found a stormy altar of Qazlal.
 14851 | D:9      | Found a staircase to the Lair.
 14933 | D:9      | Noticed a two-headed ogre
 15101 | D:9      | Killed a two-headed ogre
 15101 | D:9      | Reached skill level 1 in Fighting
 15210 | D:9      | Noticed Harold
 15232 | D:9      | Reached skill level 10 in Spellcasting
 15243 | D:9      | Killed Harold
 15243 | D:9      | Reached skill level 5 in Fire Magic
 15257 | D:9      | Noticed a fire dragon
 15486 | D:9      | Killed from afar by a fire dragon

Illustrated notes

Levels and vault maps discovered:
D:1:      ncdulo_lavacross, layout_basic
D:2:      layout_basic, minmay_misc_feat_roman, chequers_serial_rivers_room_a,
          kennysheep_generic_room_9, uniq_natasha
D:3:      layout_basic, ashenzari_altar_1, minmay_crystal_water
D:4:      layout_gridville, tso_altar, minmay_temple_entry_gardened_gates,
          portal_sewer_entry_b
D:5:      layout_basic, zin_angel, grunt_temple_overflow_diamond,
          kennysheep_generic_room_11
D:6:      layout_loops_corners
D:7:      layout_layer_cave, kb_lookout_dungeons_type, minmay_the_grid_2x2
          [minmay_the_grid_medium_cups, minmay_the_grid_broken_lines,
          minmay_the_grid_mess, minmay_the_grid_prize_four_corners],
          uniq_prince_ribbit1
D:8:      lemuel_ice_statue, layout_loops_ring,
          lemuel_mausoleum_altar_yredelemnul, lemuel_round_altar,
          hangedman_decor_peaks_small, nicolae_dithmenos_the_darkroom
D:9:      dragon1_lemuel, layout_loops_ring,
          grunt_temple_overflow_forces_of_nature,
          nicolae_ru_the_path_less_chosen, lemuel_coloured_pillars_altar,
          nicolae_overflow_hidden_temple, dpeg_lair_monsters, uniq_pikel,
          uniq_harold
Temple:   jpeg_temple_island

Skill      XL: |  1  2  3  4  5  6  7  8  9 10 |
---------------+-------------------------------+-----
Spellcasting   | 5 6 7 8 10 | 10.4
Stealth        | 3 4 |  4.5
Armour         | 9 |  9.4
Fire Magic     | 1 2 4 5 |  5.0
Air Magic      | 1 2 3 |  3.5
Conjurations   | 2 3 4 5 |  5.6
Short Blades   | 1 2 |  2.5
Poison Magic   | 1 3 |  3.4
Invocations    | 1 2 3 |  3.0
Summonings     | 2 |  2.8
Dodging        | 3 |  3.1
Fighting       | 1 |  1.0
Translocations | 2 |  2.2
Evocations     | |  0.9

Action                   |  1- 3 |  4- 6 |  7- 9 | 10-12 || total
-------------------------+-------+-------+-------+-------++-------
Melee: Dagger            |     3 |       |       |       ||     3
       Short sword       |     9 |    52 |   394 |    43 ||   498
       Staff             |     3 |    63 |       |       ||    66
 Cast: Magic Dart        |    65 |    99 |   337 |   113 ||   614
       Call Imp          |     3 |    26 |    48 |     9 ||    86
       Blink             |       |     5 |    21 |    20 ||    46
       Conjure Flame     |       |     2 |    13 |     6 ||    21
       Mephitic Cloud    |       |     3 |    33 |    30 ||    66
Invok: Channel Magic     |       |       |     1 |       ||     1
 Abil: Evoke Flight      |       |       |     2 |       ||     2
Evoke: Wand              |       |       |     7 |    22 ||    29
  Use: Potion            |       |     5 |     7 |     4 ||    16
       Scroll            |       |     9 |     6 |     1 ||    16
 Stab: Sleeping          |     5 |     2 |     7 |       ||    14
       Confused          |       |       |    23 |     8 ||    31
       Invisible         |       |       |     1 |       ||     1
       Distracted        |       |       |     1 |       ||     1
Armor: Robe              |     2 |     2 |       |       ||     4
       Leather armour    |       |    54 |    89 |    15 ||   158
       Skin              |       |       |    31 |     7 ||    38
Dodge: Dodged            |    16 |   112 |   164 |    44 ||   336

Table legend: (Time is in decaauts)
 A = Elapsed time spent in this place.
 B = Non-inter-level travel time spent in this place.
 C = Inter-level travel time spent in this place.
 D = Time resting spent in this place.
 E = Time spent auto-exploring this place.
 F = Levels seen in this place.
 G = Mean time per level.
                   A        B        C        D        E       F      G
               +--------+--------+--------+--------+--------+-----+--------+
         Total |  15543 |  15323 |    220 |   4495 |   6133 |  10 | 1554.3 |
       Dungeon |  15480 |  15260 |    220 |   4495 |   6133 |   9 | 1720.0 |
        Temple |     62 |     62 |      0 |      0 |      0 |   1 |   62.0 |
               +--------+--------+--------+--------+--------+-----+--------+

Top non-repeatable levels by time:
     D:7: 2841 daAuts
     D:8: 2405 daAuts
     D:6: 2246 daAuts
     D:3: 1960 daAuts
     D:5: 1808 daAuts
     D:2: 1420 daAuts
     D:9: 1121 daAuts
     D:1: 855 daAuts
     D:4: 822 daAuts
  Temple: 62 daAuts
